 Dungeon Crawl Stone Soup version 0.25-a0-306-g3faca94807 (webtiles) character file.

Game seed: 9375421070549678495, levelgen mode: deterministic

24 Redear the Skirmisher (level 2, -2/24 HPs)
             Began as a Mummy Monk on Dec 21, 2019.
             Slain by a jackal (3 damage)
             ... on level 1 of the Dungeon.
             The game lasted 00:01:00 (716 turns).

Redear the Skirmisher (Mummy Monk)                   Turns: 716, Time: 00:01:01

Health: -2/24      AC:  0    Str: 14    XL:     2   Next: 79%
Magic:  2/2        EV: 13    Int:  9    God:
Gold:   28         SH:  0    Dex: 14    Spells: 1/1 levels left

rFire    x . .     SeeInvis .     - Unarmed
rCold    + . .     Gourm    .   (no shield)
rNeg     + + +     Faith    .   (no armour)
rPois    ∞         Spirit   .   (no helmet)
rElec    .         Reflect  .   (no cloak)
rCorr    .         Harm     .   (no gloves)
MR       .....                  (no boots)
Stlth    ++........             (no amulet)
HPRegen  0.08/turn              (no ring)
MPRegen  0.08/turn              (no ring)

@: no status effects
A: no food or potions, fire vulnerability, cold resistance 1, negative energy
resistance 3, torment resistance, unbreathing
a: no special abilities


You were on level 1 of the Dungeon.
You were not hungry.

You visited 1 branch of the dungeon, and saw 1 of its levels.

You collected 28 gold pieces.

Inventory:

Scrolls
 a - a scroll of amnesia {unknown}
 b - a scroll of remove curse {unknown}
 c - a scroll of noise {unknown}


   Skills:
 + Level 3.4 Fighting
 + Level 2.7 Dodging
 - Level 1.5 Stealth
 + Level 2.7 Unarmed Combat


You had one spell level left.
You didn't know any spells.
Your spell library was empty.

Dungeon Overview and Level Annotations

Branches:
Dungeon (1/15)

Altars:


Innate Abilities, Weirdness & Mutations

You do not eat or drink.
Your flesh is vulnerable to fire.
You are immune to poison.
Your flesh is cold resistant. (rC+)
You are immune to negative energy. (rN+++)
You are immune to unholy pain and torment.
You can survive without breathing.


Message History

You are too injured to fight recklessly!
You are too injured to fight recklessly!
You are too injured to fight recklessly!
You are too injured to fight recklessly!
You are too injured to fight recklessly!
You are too injured to fight recklessly!
You are too injured to fight recklessly!
You are too injured to fight recklessly!
You are too injured to fight recklessly!
You are too injured to fight recklessly!
You are too injured to fight recklessly!
You hit the jackal. You punch the jackal.
You kill the jackal!
The jackal bites you.
* * * LOW HITPOINT WARNING * * *
You take 3 damage, and have 3/24 hp.
The jackal bites you.
* * * LOW HITPOINT WARNING * * *
The jackal bites you.
You die...

###### ...... #.##.#
#.##.## # #.##.. .#
#.##.##.##.#
#######h##.......#
#.....#.@h....####
#.....####.####
#.....#......#
##.....#.##.#.#
#......#.##.#.#
##.##.#.#.##.# #
#.....#.#.##.# #.
#..#......##.#.#
###.##..#.##........#


You could see 2 jackals.

Vanquished Creatures
  2 oozes (D:1)
  2 leopard geckos (D:1)
  2 bats (D:1)
  A goblin (D:1)
  A hobgoblin (D:1)
  2 jackals (D:1)
  A frilled lizard (D:1)
  A kobold (D:1)
  A rat (D:1)
13 creatures vanquished.

Vanquished Creatures (others)
  A ghoul (D:1)
  2 octopodes (D:1)
  A gargoyle (D:1)
  An elf (D:1)
  A formicid (D:1)
  A vampire (D:1)
  A human (D:1)
  A naga (D:1)
  A dwarf (D:1)
  2 mummies (D:1)
  2 orcs (D:1)
  A kobold (D:1)
  7 tentacles (D:1)
22 creatures vanquished.

Grand Total: 35 creatures vanquished

Notes
Turn   | Place    | Note
-------+----------+-------------------------------------------
     0 | D:1      | Redear the Mummy Monk began the quest for the Orb.
     0 | D:1      | Reached XP level 1. HP: 18/18 MP: 1/1
     4 | D:1      | Killed a gargoyle
     5 | D:1      | Killed a dwarf
     7 | D:1      | Killed a vampire
     8 | D:1      | Noticed a ghoul
     8 | D:1      | Noticed an elf
     8 | D:1      | Noticed a kraken
     8 | D:1      | Noticed a human
     8 | D:1      | Noticed a naga
     8 | D:1      | Noticed an octopode
     8 | D:1      | Noticed an octopode
     8 | D:1      | Noticed a formicid
    10 | D:1      | Killed an octopode
    10 | D:1      | Killed a ghoul
    15 | D:1      | Killed a formicid
    16 | D:1      | Killed a naga
    16 | D:1      | Killed an octopode
    17 | D:1      | Killed an elf
    20 | D:1      | Killed a human
   162 | D:1      | Reached XP level 2. HP: 10/24 MP: 2/2
   328 | D:1      | HP: 2/24 [hobgoblin (5)]
   716 | D:1      | HP: 1/24 [jackal (2)]
   716 | D:1      | Slain by a jackal

Levels and vault maps discovered:
D:1:      nicolae_arrival_kraken_aquarium_b, layout_loops_cross

Action                   || total
-------------------------++-------
Melee: Unarmed           ||    58
       Punch             ||     4
 Stab: Sleeping          ||     1
Dodge: Dodged            ||    34

Table legend:
 A = Non-vault XP
 B = Vault XP
 C = Vault XP percentage of total XP
 D = Non-vault monster count
 E = Vault monster count
 F = Vault count percentage of total count
                 A         B        C        D         E       F
            +---------+---------+-------+---------+---------+-------
      Total |      35 |       0 |   0.0 |      13 |       0 |   0.0
            +---------+---------+-------+---------+---------+-------
        D:1 |      35 |       0 |   0.0 |      13 |       0 |   0.0
            +---------+---------+-------+---------+---------+-------
